 Dungeon Crawl Stone Soup version 0.13.1-2-gfb2c2b7 (webtiles) character file.

111 Lilouch the Poker (level 3, -2/28 HPs)
             Began as a Demonspawn Chaos Knight on Dec 11, 2013.
             Was a Plaything of Xom.
             Killed from afar by Sigmund (6 damage)
             ... with a wand of magic darts
             ... on Level 2 of the Dungeon.
             The game lasted 00:03:17 (1328 turns).

Lilouch the Poker (Demonspawn Chaos Knight)         Turns: 1328, Time: 00:03:17

HP  -2/28        AC  5     Str 13      XL: 3   Next:  7%
MP   3/3         EV 10     Int 13      God: Xom
Gold 80          SH  0     Dex 12      Spells:  0 memorised,  2 levels left

Res.Fire  : . . .   See Invis. : .   a - +0 spear (chaos) {=f}
Res.Cold  : . . .   Warding    : .   b - +2 leather armour
Life Prot.: . . .   Conserve   : .   (no shield)
Res.Poison: .       Res.Corr.  : .   (no helmet)
Res.Elec. : .       Clarity    : .   (no cloak)
Sust.Abil.: . .     Spirit.Shd : .   (no gloves)
Res.Mut.  : .       Stasis     : .   (no boots)
Res.Rott. : .       Flight     : .   (no amulet)
Saprovore : . . .                    (no ring)
                                     (no ring)

@: not resistant to hostile enchantments, fairly stealthy
A: claws 1, nightstalker 1
a: Renounce Religion


You were on level 2 of the Dungeon.
You worshipped Xom.
You were a toy of Xom.
You were not hungry.

You visited 1 branch of the dungeon, and saw 2 of its levels.

You collected 60 gold pieces.

Inventory:

Hand weapons
 a - a +0,+0 spear of chaos (weapon) {=f}
Missiles
 d - 9 darts of dispersal (quivered)
Armour
 b - a +2 leather armour (worn)
Magical devices
 i - a wand of polymorph (7) {unknown}
Comestibles
 c - a bread ration
 m - a chunk of hobgoblin flesh
Scrolls
 f - 3 scrolls of identify {unknown}
 k - a scroll of random uselessness {unknown}
 l - 2 scrolls of remove curse {unknown}
Potions
 e - a potion of heal wounds {unknown}
 g - 2 potions of slowing {unknown}
 h - a potion of magic {unknown}
 j - a potion of restore abilities {unknown}
 n - 2 potions of curing {unknown}


   Skills:
 - Level 3.0 Fighting
 + Level 3.2 Polearms
 + Level 2.6 Armour
 - Level 0.8 Dodging


You had 2 spell levels left.
You didn't know any spells.

Dungeon Overview and Level Annotations

Branches:
Dungeon (2/27)

Altars:

Annotations:
D:2 Sigmund, Terence


Innate Abilities, Weirdness & Mutations

You have sharp fingernails.
You are slightly more attuned to the shadows.


Message History

You hit Terence but do no damage.
Terence is moderately wounded.
You hear a zap.
The magic dart hits you!
* * * LOW HITPOINT WARNING * * *
You are too injured to fight recklessly!
You are too injured to fight recklessly!
You are too injured to fight recklessly!
You are too injured to fight recklessly!
You are too injured to fight recklessly!
You are too injured to fight recklessly!
You are too injured to fight recklessly!
You are too injured to fight recklessly!
You are too injured to fight recklessly!
You are too injured to fight recklessly!
You are too injured to fight recklessly!
Unknown command.
You hear a zap.
The magic dart hits you!
You die...

##.....##.#......######
##...###.#.###(.##....
##.............##.###
###.###########....# #
#......# ####.###
##.#.##.##### #....
#....##....... ###.#
###..####....?.. #.#
#.......@@.?....# #.#
#.#.##.##.......# #%#
#.#.##.##w......#
####.# #...##.##...{...
#..... #..###.##.......
#.##.# #.. #.#####.##
#.##.# #.. ..# .#
#.#..# #. ### #.#.##
#.#.##


You could see a worm and Terence.

Vanquished Creatures
  A giant gecko (D:1)
  4 goblins (D:1)
  7 hobgoblins
  4 bats (D:1)
  2 giant cockroaches (D:1)
  2 giant newts (D:1)
  4 kobolds (D:1)
  5 rats (D:1)
29 creatures vanquished.

Vanquished Creatures (others)
  A hobgoblin (D:1)
1 creature vanquished.

Grand Total: 30 creatures vanquished

Notes
Turn   | Place    | Note
--------------------------------------------------------------
     0 | D:1      | Lilouch, the Demonspawn Chaos Knight, began the quest for the Orb.
     0 | D:1      | Reached XP level 1. HP: 16/16 MP: 1/1
    83 | D:1      | XOM: divination: magic mapping
   162 | D:1      | XOM: harmless Pois miscast
   186 | D:1      | XOM: divination: detect creatures
   230 | D:1      | XOM: mild Fire miscast
   263 | D:1      | XOM: 2-stop teleportation journey
   310 | D:1      | Gained mutation: You are slightly more attuned to the shadows. [demonic ancestry]
   310 | D:1      | Reached XP level 2. HP: 4/22 MP: 2/2
   421 | D:1      | XOM: 8-stop teleportation journey
   439 | D:1      | XOM: confusion
   616 | D:1      | XOM: noise
  1155 | D:1      | Gained mutation: You have sharp fingernails. [demonic ancestry]
  1155 | D:1      | Reached XP level 3. HP: 28/28 MP: 3/3
  1321 | D:2      | Noticed Terence
  1321 | D:2      | Noticed Sigmund
  1328 | D:2      | Killed from afar by Sigmund

Action                   || total
-------------------------++-------
Melee: Spear             ||   114
 Stab: Paralysed         ||     3
       Sleeping          ||     3
